 Dungeon Crawl Stone Soup version 0.20-a0-309-gcba9277 (webtiles) character file.

670 tboon the Chopper (level 7, 0/61 HPs)
             Began as a Minotaur Fighter on Dec 19, 2016.
             Slain by a jelly (2 damage)
             ... on level 5 of the Dungeon.
             The game lasted 00:06:53 (3832 turns).

tboon the Chopper (Minotaur Fighter)                Turns: 3832, Time: 00:06:54

Health: 0/61       AC:  0    Str: 21    XL:     7   Next: 32%
Magic:  6/6        EV:  5    Int:  5    God:
Gold:   162        SH: 10    Dex: 11    Spells: 6/6 levels left

rFire  . . .     SeeInvis .     a - +0 war axe
rCold  . . .     Gourm    .     u - +0 plate armour
rNeg   . . .     Faith    .     c - +0 shield
rPois  +         Spirit   .     (helmet restricted)
rElec  .         Reflect  .     (no cloak)
rCorr  .         Harm     .     (no gloves)
MR     .....                    (no boots)
Stlth  ..........               (no amulet)
                                (no ring)
                                g - ring of poison resistance {rPois, !d}

@: lethally poisoned (0 -> -1), corroded
A: retaliatory headbutt, horns 2
a: no special abilities


You were on level 5 of the Dungeon.
You were not hungry.

You visited 1 branch of the dungeon, and saw 5 of its levels.

You collected 162 gold pieces.

Inventory:

Hand Weapons
 a - a +0 war axe (weapon)
Armour
 c - a +0 shield (worn)
 u - a +0 plate armour (worn)
   (You found it on level 3 of the Dungeon)
Jewellery
 g - a ring of poison resistance (left hand) {rPois, !d}
   (You found it on level 1 of the Dungeon)
Wands
 o - a wand of slowing (36/48)
   (You found it on level 3 of the Dungeon)
Scrolls
 h - a scroll of fog {unknown}
 i - a scroll of enchant armour {unknown}
 l - a scroll of magic mapping {unknown}
 n - 3 scrolls of remove curse
 q - a scroll of teleportation {unknown}
 s - a scroll of fear {unknown}
 w - a scroll of recharging {unknown}
 x - a scroll of blinking {unknown}
 y - a scroll of enchant weapon {unknown}
Potions
 b - a potion of heal wounds {unknown}
 d - a potion of might
 e - a potion of ambrosia {unknown}
 k - a potion of cancellation {unknown}
 p - 2 potions of haste
 v - a potion of agility {unknown}
 z - 2 potions of invisibility
 B - a potion of curing {unknown}
 C - a potion of magic {unknown}
 D - 2 potions of cure mutation {unknown}
 E - a potion of resistance {unknown}
 F - a potion of experience {unknown}
Comestibles
 f - 6 bread rations
 j - 7 chunks of flesh
 m - 2 meat rations


   Skills:
 + Level 5.0 Fighting
 * Level 6.2 Axes
 + Level 5.1 Armour
 + Level 3.5 Dodging
 + Level 5.3 Shields


You had 6 spell levels left.
You didn't know any spells.

Dungeon Overview and Level Annotations

Branches:
Dungeon (5/15)
 Temple: D:4-7

Altars:


Innate Abilities, Weirdness & Mutations

You reflexively headbutt those who attack you in melee.
You have a pair of horns on your head.


Message History

You open the door.
There is an open door here.
D - 2 green potions (gained 1)
A worker ant comes into view.
A centaur comes into view.
The centaur shouts!
The centaur wields a shortbow.
The centaur shoots an arrow.
The arrow barely misses you.
A worker ant comes into view.
You see here an arrow.
You closely miss the worker ant.
The worker ant twitches its antennae in your direction.
Your headbutt misses the worker ant. You block the worker ant's attack.
The worker ant bites you but does no damage.
A hound and a jelly come into view.
The jelly quivers.
The hound barks!
You hit the worker ant.
The worker ant is moderately wounded.
The worker ant bites you.
You are poisoned.
The worker ant poisons you!
You hit the worker ant.
The worker ant is heavily wounded.
You feel sick. You block the worker ant's attack. x2
The centaur unwields an uncursed shortbow.
The centaur hits you but does no damage.
You closely miss the worker ant.
The worker ant is heavily wounded.
Your plate armour prevents you from hitting the centaur.
You closely miss the hound.
You feel sick. You block the hound's attack. You block the centaur's attack.
The centaur hits you but does no damage.
The hound bites you but does no damage.
You hit the worker ant.
You headbutt the worker ant, but do no damage.
The worker ant is severely wounded.
You slash the hound!
You hit the worker ant but do no damage.
Your plate armour prevents you from hitting the centaur.
The worker ant bites you. You block the worker ant's attack.
You block the hound's attack. The centaur completely misses you.
You block the worker ant's attack.
The worker ant bites you but does no damage.
The hound bites you but does no damage.
You closely miss the worker ant. You headbutt the worker ant.
You kill the worker ant!
Your Axes skill increases to level 6!
You slash the centaur! You closely miss the worker ant.
You closely miss the hound.
You feel sick.
The centaur hits you but does no damage.
You block the hound's attack. The centaur hits you.
The worker ant bites you but does no damage.
The hound bites you.
You slash the hound!
You kill the hound!
You hit the worker ant. You barely miss the centaur.
You feel sick.
The centaur hits you but does no damage.
The worker ant bites you. You block the centaur's attack.
The worker ant bites you but does no damage.
You slash the centaur! Your headbutt misses the centaur.
The centaur is heavily wounded.
You barely miss the worker ant. You hit the jelly.
Your hands burn!
The centaur hits you!
The centaur hits you but does no damage.
The worker ant bites you but does no damage.
You block the jelly's attack.
You hit the centaur. You headbutt the centaur.
You kill the centaur!
Your Fighting skill increases to level 5!
You hit the jelly but do no damage.
Your hands burn!
You closely miss the worker ant.
You feel sick.
The worker ant bites you but does no damage.
The jelly hits you. The acid corrodes you!
You are splashed with acid!
The acid burns!
The worker ant bites you.
You slash the worker ant!
The worker ant is heavily wounded.
You hit the jelly. The acid corrodes you!
Your hands burn!
* * * LOW HITPOINT WARNING * * *
You feel sick. The jelly hits you but does no damage.
The worker ant barely misses you.
You hit the jelly but do no damage.
Your hands burn!
* * * LOW HITPOINT WARNING * * *
You headbutt the jelly.
The jelly is moderately wounded.
You closely miss the worker ant. The worker ant bites you.
* * * LOW HITPOINT WARNING * * *
You block the jelly's attack. The worker ant bites you.
* * * LOW HITPOINT WARNING * * *
The jelly hits you.
* * * LOW HITPOINT WARNING * * *
The acid corrodes you!
You are splashed with acid!
The acid burns!
* * * LOW HITPOINT WARNING * * *
You hit the jelly.
Your hands burn!
* * * LOW HITPOINT WARNING * * *
The jelly is severely wounded.
Your shield and plate armour prevent you from hitting the worker ant.
* * * LOW HITPOINT WARNING * * *
You feel sick. You block the worker ant's attack. The jelly hits you.
You die...

# #.........#
###.#.........# ######.
.##...........# .......
..............# .......
.# #.........# .......
.# #.##.#....# .......
.## #.##.#....##.......
#.##.#.##.##....†J?.....
).##.#.#..##....@a......
#.........##..#+#)......
...#.#.##.##..# .......
##...#....##..#+#.......
..#..###................
#.#..###..........####.#
................... .
#.#..###........###
#.....##........##


You could see a jelly and a worker ant.

Vanquished Creatures
  Sigmund (D:3)
  An ogre (D:4)
  A centaur (D:5)
  A scorpion (D:4)
  A hound (D:5)
  An orc wizard (D:5)
  4 worker ants
  7 adders
  An ooze (D:2)
  A worm (D:3)
  4 dart slugs
  2 leopard geckos
  3 orcs (D:5)
  2 giant cockroaches (D:3)
  8 goblins
  5 hobgoblins
  3 quokkas
  8 bats
  5 frilled lizards
  8 kobolds
  7 rats
74 creatures vanquished.

Notes
Turn   | Place    | Note
-------+----------+-------------------------------------------
     0 | D:1      | tboon the Minotaur Fighter began the quest for the Orb.
     0 | D:1      | Reached XP level 1. HP: 19/19 MP: 0/0
   247 | D:1      | Reached XP level 2. HP: 23/26 MP: 1/1
   945 | D:2      | Reached skill level 3 in Axes
   945 | D:2      | Reached skill level 4 in Armour
  1190 | D:2      | Reached XP level 3. HP: 30/33 MP: 2/2
  1458 | D:2      | Reached skill level 4 in Fighting
  1458 | D:2      | Reached skill level 1 in Dodging
  1644 | D:2      | Reached XP level 4. HP: 31/40 MP: 3/3
  2128 | D:3      | Reached skill level 4 in Shields
  2380 | D:3      | Noticed Sigmund
  2395 | D:3      | Killed Sigmund
  2395 | D:3      | Reached skill level 4 in Axes
  2395 | D:3      | Reached skill level 2 in Dodging
  2395 | D:3      | Reached XP level 5. HP: 15/47 MP: 4/4
  2830 | D:3      | Reached skill level 5 in Axes
  2830 | D:3      | Reached XP level 6. HP: 45/53 MP: 5/5
  2915 | D:4      | HP: 6/53 [ogre/giant club (17)]
  3327 | D:4      | Reached skill level 5 in Armour
  3359 | D:4      | Reached skill level 5 in Shields
  3572 | D:4      | Reached skill level 3 in Dodging
  3748 | D:5      | Entered Level 5 of the Dungeon
  3759 | D:5      | Reached XP level 7. HP: 54/60 MP: 6/6
  3826 | D:5      | Reached skill level 6 in Axes
  3829 | D:5      | Reached skill level 5 in Fighting
  3831 | D:5      | HP: 15/61 [acid (1)]
  3831 | D:5      | HP: 4/61 [acid (4)]
  3832 | D:5      | Slain by a jelly

Vault maps used:
D:1:      sevenhm_arrival_forest_fort_small_3
D:2:      first_bread
D:3:      uniq_sigmund
D:5:      serial_shops, kennysheep_mini_moat, shop, basic_altar

Skill      XL: |  1  2  3  4  5  6  7 |
---------------+----------------------+-----
Axes           | 3 4 5 6 |  6.2
Armour         | 4 5 |  5.1
Fighting       | 4 5 |  5.0
Dodging        | 1 2 3 |  3.5
Shields        | 4 5 |  5.3

Action                   |  1- 3 |  4- 6 |  7- 9 || total
-------------------------+-------+-------+-------++-------
Melee: War axe           |    86 |   119 |    17 ||   222
       Headbutt          |    11 |    13 |     4 ||    28
  Use: Potion            |       |     1 |       ||     1
       Scroll            |       |     5 |       ||     5
  Eat: Chunk             |     2 |     6 |       ||     8
       Pizza             |       |     1 |       ||     1
Armor: Scale mail        |    26 |    12 |       ||    38
       Plate armour      |       |    45 |    16 ||    61
Dodge: Dodged            |    21 |    29 |     5 ||    55
Block: Shield            |    47 |    58 |    16 ||   121

Vault maps used:
D:1:      sevenhm_arrival_forest_fort_small_3
D:2:      first_bread
D:3:      uniq_sigmund
D:5:      serial_shops, kennysheep_mini_moat, shop, basic_altar

Table legend:
 A = Turns spent in this place as a percentage of turns spent in the entire game.
 B = Non-inter-level travel turns spent in this place as a percentage of non-inter-level travel turns spent in the entire game.
 C = Inter-level travel turns spent in this place as a percentage of turns spent in this place.
 D = Turns resting spent in this place as a percentage of non-inter-level travel turns spent in this place.
 E = Turns spent auto-exploring this place as a percentage of non-inter-level travel turns spent in this place.
 F = Non-inter-level travel turns spent in this place divided by the number of levels of this place that you've seen.
                   A       B       C       D       E      F
               +-------+-------+-------+-------+-------+----------------------
         Total | 100.0 | 100.0 |   0.8 |   3.0 |  18.0 | 124.6
       Dungeon | 100.0 | 100.0 |   0.8 |   3.0 |  18.0 | 124.6
               +-------+-------+-------+-------+-------+----------------------

Table legend:
 A = Kills in this place as a percentage of kills in entire the game.
 B = Kills by you in this place as a percentage of kills by you in the entire game.
 C = Kills by friends in this place as a percentage of kills by friends in the entire game.
 D = Other kills in this place as a percentage of other kills in the entire game.
 E = Experience gained in this place as a percentage of experience gained in the entire game.
 F = Experience gained in this place divided by the number of levels of this place that you have seen.
                   A       B       C       D       E      F
               +-------+-------+-------+-------+-------+----------------------
         Total | 100.0 | 100.0 |  -nan |  -nan | 100.0 | 191.6
       Dungeon | 100.0 | 100.0 |  -nan |  -nan | 100.0 | 191.6
               +-------+-------+-------+-------+-------+----------------------
